 Dungeon Crawl Stone Soup version 0.31-a0-267-g3fc6992b3b (webtiles) character file.

Game seed: 11913308606993426549

2499 qw the Skirmisher (level 9, -1/79 HPs)
             Began as a Minotaur Hexslinger on July 14, 2023.
             Slain by a rust devil (10 damage)
             ... on level 5 of the Dungeon.
             The game lasted 00:02:15 (4266 turns).

qw the Skirmisher (Minotaur Hexslinger)             Turns: 4266, Time: 00:02:16

Health: -1/79      AC:  2    Str: 13    XL:     9   Next: 28%
Magic:  9/9        EV: 14    Int: 10    God:
Gold:   246        SH:  0    Dex: 23    Spells: 9/10 levels left

rFire   . . .        Y - +1 orcbow
rCold   . . .        (shield currently unavailable)
rNeg    . . .        m - +2 ring mail {rPois}
rPois   +            (helmet restricted)
rElec   .            j - +0 cloak
rCorr   +            (no gloves)
SInv    .            n - +1 pair of boots
Will    .....        k - amulet of regeneration
Stlth   +            b - ring of resist corrosion
HPRegen 1.13/turn    g - +6 ring of dexterity
MPRegen 0.11/turn

%: no passive effects
@: corroded
A: horns 2, retaliatory headbutt
a: no special abilities


You were on level 5 of the Dungeon.
You visited 1 branch of the dungeon, and saw 6 of its levels.

You collected 246 gold pieces.


Innate Abilities, Weirdness & Mutations

You have a pair of horns on your head.
You reflexively headbutt those who attack you in melee.


   Skills:
 - Level 7.3 Fighting
 + Level 10.6 Ranged Weapons
 - Level 3.0 Armour
 - Level 5.6 Dodging
 - Level 1.0 Spellcasting
 - Level 2.0 Hexes


You had 9 spell levels left.
You knew the following spells:

 Your Spells              Type           Power      Damage    Failure   Level
a - Slow                  Hex            16%        N/A       30%         1

Your spell library contained the following spells:

 Spells                   Type           Power      Damage    Failure   Level
 Inner Flame              Hex/Fire       2%         N/A       80%         3
 Portal Projectile        Hex/Tloc       4%         N/A       80%         3
 Cause Fear               Hex            2%         N/A       97%         4

Inventory:

Hand Weapons
 Y - a +1 orcbow (weapon)
Armour
 j - a +0 cloak (worn)
 m - a +2 ring mail of poison resistance (worn)
 n - a +1 pair of boots (worn)
Jewellery
 b - a ring of resist corrosion (left hand)
 g - a +6 ring of dexterity (right hand)
 k - an amulet of regeneration (around neck)
Scrolls
 c - 3 scrolls of identify
Potions
 a - a potion of mutation
 e - a potion of might
 f - a potion of cancellation
 h - a potion of resistance

Dungeon Overview and Level Annotations

Branches:
Dungeon (6/15)
 Temple: D:4-7

Altars:
Fedhas
Makhleb

Shops:
D:4 :


Message History

The arrow closely misses the orc warrior.
You shoot an arrow. The arrow hits the orc warrior!
The orc warrior is heavily wounded.
The orc warrior barely misses you.
The orc warrior hits you with a +0 battleaxe!
The orc warrior hits you with a +0 flail.
The orc warrior hits you with a +0 battleaxe!
You shoot an arrow.
The arrow hits the orc warrior but does no damage.
The orc warrior is heavily wounded.
The orc warrior barely misses you. x2
You shoot an arrow.
The arrow barely misses the orc warrior.
The arrow hits the rust devil.
The rust devil is lightly wounded.
The orc warrior hits you but does no damage.
The orc warrior hits you with a +0 battleaxe!
The rust devil barely misses you.
You shoot an arrow.
The arrow completely misses the orc warrior.
The arrow closely misses the rust devil.
The orc warrior barely misses you. You furiously retaliate!
You headbutt the orc warrior.
The orc warrior hits you with a +0 battleaxe!
The rust devil closely misses you. You furiously retaliate!
You headbutt the rust devil! You shoot an arrow.
The arrow hits the orc warrior!
You kill the orc warrior!
The rust devil hits you. The rust devil corrodes you!
The orc warrior misses you.
You shoot an arrow.
The arrow hits the rust devil but does no damage.
The rust devil is lightly wounded.
The rust devil hits you! The rust devil corrodes you!
The orc warrior closely misses you. You furiously retaliate!
You headbutt the orc warrior. The rust devil hits you!
You shoot an arrow.
The arrow completely misses the rust devil.
The rust devil hits you!
You die...

#>'...'..........<..?...
#.#...##########..#.....
#.#...###.....###.#....#
#.##.##...###...#.#....#
#######.##....### ###........#
#.....#.###..##)#+#)##.#.....#
#.###.#.# #..#7.....7#...#####
#.#.#.#.# #.##4......##..#
#.#.#.#.# #.#@4..8... #..#
####.#.#.#.# #.##o......##..##
.....#...#)# #..#7.....7#....#
...###.###.# ##.##)#+#)##.##.#
## ...'...(...# #..###
###.....# #< ...###.#####
##...###...#..## ## #### #.#
##.......###..# #.#
#..####.####.## #.#
##............#


You could see 2 rust devils and an orc warrior.

Vanquished Creatures
  Prince Ribbit (D:6)
  A water moccasin (D:6)
  A black bear (D:5)
  2 ice beasts (D:6)
  2 orc warriors
  An ogre (D:5)
  2 centaurs
  A kobold brigand (D:6)
  3 phantoms
  A bullfrog (D:6)
  3 scorpions
  5 wights (D:6)
  2 orc priests (D:6)
  A gnoll bouda (D:6)
  A sleepcap (D:6)
  7 iguanas
  8 orc wizards
  5 gnolls (D:6)
  6 adders
  A white imp (D:6)
  An ufetubus (D:5)
  3 worms
  2 dart slugs
  22 orcs
  4 ball pythons
  8 endoplasms
  2 giant cockroaches
  7 goblins
  5 hobgoblins
  8 jackals
  3 quokkas
  6 bats
  A frilled lizard (D:3)
  13 kobolds
  11 rats
150 creatures vanquished.

Notes
Turn   | Place    | Note
-------+----------+-------------------------------------------
     0 | D:1      | qw the Minotaur Hexslinger began the quest for the Orb.
     0 | D:1      | Reached XP level 1. HP: 16/16 MP: 1/1
     0 | D:1      | 0 ||| qw: Version: 0.3-a-52-g30416fa
     0 | D:1      | 0 ||| qw: Game counter: 7843
     0 | D:1      | 0 ||| qw: Melee chars always use a shield: true
     0 | D:1      | 0 ||| qw: God list: Okawaru
     0 | D:1      | 0 ||| qw: Allow faded altars: false
     0 | D:1      | 0 ||| qw: Do Orc after clearing Dungeon:15 true
     0 | D:1      | 0 ||| qw: Do second Lair branch before Depths: true
     0 | D:1      | 0 ||| qw: Lair rune preference: random
     0 | D:1      | 0 ||| qw: Goals: Normal
     0 | D:1      | 0 ||| PLANNING D:1-11
   150 | D:1      | Reached skill level 3 in Ranged Weapons
   150 | D:1      | Reached XP level 2. HP: 23/23 MP: 2/2
   259 | D:1      | 259 ||| SWAPPING to +0 orcbow.
   261 | D:1      | 261 ||| DROPPING +1 sling.
   313 | D:1      | Found a faded altar of an unknown god.
   414 | D:1      | 414 ||| UPGRADING to +0 leather armour.
   424 | D:1      | 424 ||| DROPPING +0 robe.
   425 | D:1      | 425 ||| UPGRADING to +1 pair of boots.
   430 | D:1      | 430 ||| UPGRADING to amulet of regeneration.
   435 | D:1      | 435 ||| DROPPING ring of magical power.
   436 | D:1      | 436 ||| READING scroll labelled JEACZI NAMOA.
   439 | D:1      | 439 ||| READING scroll labelled VADGHIY TOLAXICH.
   440 | D:1      | 440 ||| READING scroll labelled MURIRA URIWOGH.
   441 | D:1      | 441 ||| READING scroll labelled XOT GOOR GASE.
   442 | D:1      | 442 ||| READING scroll labelled ITWEMU RULUFO.
   443 | D:1      | 443 ||| DRINKING 2 fizzy golden potions.
   444 | D:1      | 444 ||| DROPPING scroll of poison.
   498 | D:2      | Reached XP level 3. HP: 29/29 MP: 3/3
   614 | D:2      | Reached skill level 4 in Ranged Weapons
   806 | D:2      | You fall into a shaft and drop 1 floor!
   837 | D:3      | 837 ||| UPGRADING to +0 ring mail.
   842 | D:3      | 842 ||| FLEEEEING.
   843 | D:3      | 843 ||| FLEEEEING.
   849 | D:3      | 849 ||| STAIRDANCE
   851 | D:2      | 851 ||| UPGRADING to +0 leather armour.
   856 | D:2      | 856 ||| UPGRADING to +0 ring mail.
   866 | D:2      | 866 ||| DROPPING +0 leather armour.
   937 | D:2      | 937 ||| DROPPING scarf of shadows.
  1021 | D:2      | Reached XP level 4. HP: 36/36 MP: 4/4
  1228 | D:2      | 1228 ||| READING scroll labelled ZOROL EC IGU BIET.
  1244 | D:2      | 1244 ||| READING 3 scrolls labelled NOX KOC YMU.
  1245 | D:2      | 1245 ||| READING scroll labelled JOCUPR EGIS.
  1246 | D:2      | 1246 ||| READING 2 scrolls of identify.
  1246 | D:2      | 1246 ||| IDENTIFYING glowing clear potion
  1247 | D:2      | 1247 ||| DROPPING potion of magic.
  1303 | D:3      | Reached skill level 1 in Armour
  1647 | D:3      | Found a burning altar of Makhleb.
  1891 | D:3      | 1891 ||| UPGRADING to +0 cloak.
  1896 | D:3      | 1896 ||| UPGRADING to ring of resist corrosion.
  1897 | D:3      | 1897 ||| READING scroll labelled HAIHEC DA GUJU.
  1898 | D:3      | 1898 ||| READING 2 scrolls of identify.
  1898 | D:3      | 1898 ||| IDENTIFYING lumpy puce potion
  1943 | D:4      | Reached skill level 5 in Ranged Weapons
  1972 | D:4      | Found Lazxox's Book Shop.
  1996 | D:4      | Noticed a scorpion
  2002 | D:4      | Killed a scorpion
  2003 | D:4      | Reached skill level 3 in Fighting
  2003 | D:4      | Reached XP level 5. HP: 38/45 MP: 5/5
  2010 | D:4      | 2010 ||| FLEEEEING.
  2088 | D:4      | Noticed a phantom
  2100 | D:4      | Killed a phantom
  2101 | D:4      | Reached skill level 6 in Ranged Weapons
  2101 | D:4      | Reached XP level 6. HP: 33/51 MP: 6/6
  2112 | D:4      | 2112 ||| FLEEEEING.
  2449 | D:4      | Found a blossoming altar of Fedhas.
  2471 | D:4      | 2471 ||| UPGRADING to +6 ring of dexterity.
  2472 | D:4      | 2472 ||| READING 3 scrolls of identify.
  2472 | D:4      | 2472 ||| IDENTIFYING black potion
  2473 | D:4      | 2473 ||| READING 2 scrolls of identify.
  2473 | D:4      | 2473 ||| IDENTIFYING glowing dark potion
  2497 | D:5      | Entered Level 5 of the Dungeon
  2586 | D:5      | Reached skill level 7 in Ranged Weapons
  2680 | D:5      | Reached XP level 7. HP: 45/59 MP: 7/7
  2712 | D:5      | Reached skill level 3 in Dodging
  3039 | D:5      | Reached skill level 8 in Ranged Weapons
  3193 | D:5      | 3193 ||| FLEEEEING.
  3194 | D:5      | 3194 ||| FLEEEEING.
  3195 | D:5      | 3195 ||| FLEEEEING.
  3196 | D:5      | 3196 ||| FLEEEEING.
  3197 | D:5      | 3197 ||| FLEEEEING.
  3198 | D:5      | 3198 ||| FLEEEEING.
  3202 | D:5      | 3202 ||| FLEEEEING.
  3203 | D:5      | 3203 ||| FLEEEEING.
  3204 | D:5      | 3204 ||| FLEEEEING.
  3205 | D:5      | 3205 ||| FLEEEEING.
  3206 | D:5      | 3206 ||| FLEEEEING.
  3207 | D:5      | 3207 ||| FLEEEEING.
  3208 | D:5      | 3208 ||| FLEEEEING.
  3209 | D:5      | 3209 ||| FLEEEEING.
  3210 | D:5      | 3210 ||| FLEEEEING.
  3216 | D:5      | Reached XP level 8. HP: 68/68 MP: 8/8
  3494 | D:5      | 3494 ||| UPGRADING to +2 ring mail of poison resistance.
  3504 | D:5      | 3504 ||| DROPPING +0 ring mail.
  3505 | D:5      | 3505 ||| READING 3 scrolls of identify.
  3505 | D:5      | 3505 ||| IDENTIFYING cyan potion
  3506 | D:5      | 3506 ||| DROPPING potion of attraction.
  3599 | D:6      | HP: 16/68 [gnoll/+4 spear[a gnoll bouda] (6)]
  3600 | D:6      | 3600 ||| READING scroll of teleportation.
  3698 | D:6      | Reached skill level 9 in Ranged Weapons
  3707 | D:6      | Reached skill level 6 in Fighting
  3889 | D:6      | 3889 ||| Stepping ~*~*~tactically~*~*~ (outnumbered).
  3903 | D:6      | Reached skill level 10 in Ranged Weapons
  3955 | D:6      | Reached skill level 3 in Armour
  3969 | D:6      | 3969 ||| FLEEEEING.
  3970 | D:6      | 3970 ||| STAIRDANCE
  4023 | D:6      | Reached XP level 9. HP: 69/79 MP: 9/9
  4118 | D:6      | Noticed Prince Ribbit
  4134 | D:6      | Killed Prince Ribbit
  4256 | D:5      | Noticed a rust devil
  4256 | D:5      | Noticed a rust devil
  4265 | D:5      | HP: 14/79 [rust devil (8)]
  4266 | D:5      | Slain by a rust devil

Levels and vault maps discovered:
D:1:      dpeg_arrival_three_same_balls, layout_rooms,
          hellmonk_ecumenical_altar_lost_god, chequers_serial_rivers_micro_d
D:2:      layout_loops_ring
D:3:      layout_loops_ring, mainiacjoe_overflow_boulevard
D:4:      layout_cave_pools, mainiacjoe_overflow_alcove_1, serial_shops,
          nicolae_shop_hallway_stairs
D:5:      cheibrodos_iron_armory, layout_basic, grunt_ministairs_9,
          chequers_big_river, chequers_mini_garden
D:6:      kennysheep_six_static_rooms, layout_basic, uniq_prince_ribbit1

Skill      XL: |  1  2  3  4  5  6  7  8  9 |
---------------+----------------------------+-----
Ranged Weapons | 3 4 5 6 7 8 10 | 10.6
Fighting       | 2 3 4 5 7 |  7.3
Armour         | 1 2 3 |  3.0
Dodging        | 3 4 5 |  5.6
Spellcasting   | |  1.0
Hexes          | |  2.0

Action                     |  1- 3 |  4- 6 |  7- 9 || total
---------------------------+-------+-------+-------++-------
   Fire: Sling             |    30 |       |       ||    30
         Orcbow            |    80 |   182 |   259 ||   521
    Use: Scroll            |     5 |     8 |     2 ||    15
         Potion            |     1 |       |       ||     1
 Armour: Robe              |     1 |       |       ||     1
         Leather armour    |    15 |       |       ||    15
         Ring mail         |     2 |    74 |    71 ||   147
  Dodge: Dodged            |    19 |    78 |    83 ||   180

Table legend:
 A = Non-vault XP
 B = Vault XP
 C = Vault XP percentage of total XP
 D = Non-vault monster count
 E = Vault monster count
 F = Vault count percentage of total count
                 A         B        C        D         E       F
            +---------+---------+-------+---------+---------+-------
      Total |    2808 |     762 |  21.3 |     136 |      14 |   9.3
            +---------+---------+-------+---------+---------+-------
        D:1 |      37 |       0 |   0.0 |      23 |       0 |   0.0
        D:2 |      58 |       0 |   0.0 |      23 |       0 |   0.0
        D:3 |      54 |       0 |   0.0 |      18 |       0 |   0.0
        D:4 |     374 |       0 |   0.0 |      21 |       0 |   0.0
        D:5 |     746 |     311 |  29.4 |      18 |       7 |  28.0
        D:6 |    1539 |     451 |  22.7 |      33 |       7 |  17.5
            +---------+---------+-------+---------+---------+-------
